Workbook

Sheet A - abratax_mtd_import
A1: FOREIGN PROPERTY MTD BRIDGING TEMPLATE - ABRATAX | N1: INSTRUCTIONS
A2: Template version: FP-1.1.0 (read only - must be present) | N2: 1) | O2: Add this tab to your excel property business working file (your digital records)
B3: Property #1 | D3: Property #2 | F3: Property #3 | H3: Property #4 | J3: Property #5 | N3: 2) | O3: For each of the coloured boxes, create a formula link to the corresponding box in your property business working file. Any nil values can be populated with a 0, or the cell left blank.
A4: PROPERTY NAME | B4: Spain Property | D4: Portugal Property
A5: ISO 3 letter country code (see other tab) | B5: ESP | D5: PRT | N5: 3) | O5: Once complete, right click on the "abratax_mtd_import" tab at the bottom of this sheet and select "Move or Copy..."
N6: 4) | O6: Under the "To Book" dropdown, select "(new book)", press OK.
A7: INCOME | B7: AMOUNT (£) | D7: AMOUNT (£) | F7: AMOUNT (£) | H7: AMOUNT (£) | J7: AMOUNT (£) | N7: 5) | O7: This tab will move to a new worksheet. Save this new worksheet as a CSV file (File -> Save as, file format = CSV ) and import it to AbraTax
A8: Rent Income / rent amount | B8: ='C - Summary'!B3 | D8: ='C - Summary'!H3
A9: Foreign tax credit relief (enter X if claiming) | N9: 6)
A10: Premiums of lease grant | O10: More properties can be added be replicating columns, with one column as a space.
A11: Foreign tax paid or deducted
A12: Special withholding tax or Uk tax paid
A14: SUMMARY EXPENSES | B14: AMOUNT (£) | D14: AMOUNT (£) | F14: AMOUNT (£) | H14: AMOUNT (£) | J14: AMOUNT (£)
A15: Consolidated expenses | B15: ='C - Summary'!B4-B16-B17 | D15: ='C - Summary'!H4-D16-D17
A16: Residential financial cost | B16: =SUMIFS('E - 2026-27 Digital Records'!$G:$G,'E - 2026-27 Digital Records'!$B:$B,"ESP",'E - 2026-27 Digital Records'!$E:$E,"Residential finance cost tax reduction",'E - 2026-27 Digital Records'!$A:$A,">="&DATE(2026,4,1),'E - 2026-27 Digital Records'!$A:$A,"<="&DATE(2026,6,30)) | D16: =SUMIFS('E - 2026-27 Digital Records'!$G:$G,'E - 2026-27 Digital Records'!$B:$B,"PRT",'E - 2026-27 Digital Records'!$E:$E,"Residential finance cost tax reduction",'E - 2026-27 Digital Records'!$A:$A,">="&DATE(2026,4,1),'E - 2026-27 Digital Records'!$A:$A,"<="&DATE(2026,6,30))
A17: Brought forward residential financial cost | B17: =SUMIFS('E - 2026-27 Digital Records'!$G:$G,'E - 2026-27 Digital Records'!$B:$B,"ESP",'E - 2026-27 Digital Records'!$E:$E,"Brought forward residential financial cost",'E - 2026-27 Digital Records'!$A:$A,">="&DATE(2026,4,1),'E - 2026-27 Digital Records'!$A:$A,"<="&DATE(2026,6,30)) | D17: =SUMIFS('E - 2026-27 Digital Records'!$G:$G,'E - 2026-27 Digital Records'!$B:$B,"PRT",'E - 2026-27 Digital Records'!$E:$E,"Brought forward residential financial cost",'E - 2026-27 Digital Records'!$A:$A,">="&DATE(2026,4,1),'E - 2026-27 Digital Records'!$A:$A,"<="&DATE(2026,6,30))
A19: OR
A21: DETAILED EXPENSES | B21: AMOUNT (£) | D21: AMOUNT (£) | F21: AMOUNT (£) | H21: AMOUNT (£) | J21: AMOUNT (£)
A22: Premises running costs
A23: Repairs and maintenance
A24: Financial costs
A25: Professional fees
A26: Travel costs
A27: Cost of services
A28: Other
A29: Residential financial cost
A30: Brought forward residential financial cost

Sheet B - country_codes
A1: Country Name | B1: ISO Country Code
A2: Afghanistan | B2: AFG
A3: Albania | B3: ALB
A4: Algeria | B4: DZA
A5: American Samoa | B5: ASM
A6: Andorra | B6: AND
A7: Angola | B7: AGO
A8: Anguilla | B8: AIA
A9: Antarctica | B9: ATA
A10: Antigua and Barbuda | B10: ATG
A11: Argentina | B11: ARG
A12: Armenia | B12: ARM
... A250: Åland Islands | B250: ALA

Sheet C - Summary
A1: Country 1 - Spain (ESP) | G1: Country 2 - Portugal (PRT)
B2: Q1 | C2: Q1 + Q2 | D2: Q1 + Q2 + Q3 | E2: Q1 + Q2 + Q3 + Q4 | H2: Q1 | I2: Q1 + Q2 | J2: Q1 + Q2 + Q3 | K2: Q1 + Q2 + Q3 + Q4
A3: Income (cumulative) | B3: =SUMIFS('E - 2026-27 Digital Records'!$G:$G,'E - 2026-27 Digital Records'!$B:$B,"ESP",'E - 2026-27 Digital Records'!$D:$D,"Income",'E - 2026-27 Digital Records'!$A:$A,">="&DATE(2026,4,1),'E - 2026-27 Digital Records'!$A:$A,"<="&DATE(2026,6,30)) | C3: =SUMIFS('E - 2026-27 Digital Records'!$G:$G,'E - 2026-27 Digital Records'!$B:$B,"ESP",'E - 2026-27 Digital Records'!$D:$D,"Income",'E - 2026-27 Digital Records'!$A:$A,">="&DATE(2026,4,1),'E - 2026-27 Digital Records'!$A:$A,"<="&DATE(2026,9,30)) | D3: =SUMIFS('E - 2026-27 Digital Records'!$G:$G,'E - 2026-27 Digital Records'!$B:$B,"ESP",'E - 2026-27 Digital Records'!$D:$D,"Income",'E - 2026-27 Digital Records'!$A:$A,">="&DATE(2026,4,1),'E - 2026-27 Digital Records'!$A:$A,"<="&DATE(2026,12,31)) | E3: =SUMIFS('E - 2026-27 Digital Records'!$G:$G,'E - 2026-27 Digital Records'!$B:$B,"ESP",'E - 2026-27 Digital Records'!$D:$D,"Income",'E - 2026-27 Digital Records'!$A:$A,">="&DATE(2026,4,1),'E - 2026-27 Digital Records'!$A:$A,"<="&DATE(2027,3,31)) | G3: Income (cumulative) | H3: =SUMIFS('E - 2026-27 Digital Records'!$G:$G,'E - 2026-27 Digital Records'!$B:$B,"PRT",'E - 2026-27 Digital Records'!$D:$D,"Income",'E - 2026-27 Digital Records'!$A:$A,">="&DATE(2026,4,1),'E - 2026-27 Digital Records'!$A:$A,"<="&DATE(2026,6,30)) | I3: =SUMIFS('E - 2026-27 Digital Records'!$G:$G,'E - 2026-27 Digital Records'!$B:$B,"PRT",'E - 2026-27 Digital Records'!$D:$D,"Income",'E - 2026-27 Digital Records'!$A:$A,">="&DATE(2026,4,1),'E - 2026-27 Digital Records'!$A:$A,"<="&DATE(2026,9,30)) | J3: =SUMIFS('E - 2026-27 Digital Records'!$G:$G,'E - 2026-27 Digital Records'!$B:$B,"PRT",'E - 2026-27 Digital Records'!$D:$D,"Income",'E - 2026-27 Digital Records'!$A:$A,">="&DATE(2026,4,1),'E - 2026-27 Digital Records'!$A:$A,"<="&DATE(2026,12,31)) | K3: =SUMIFS('E - 2026-27 Digital Records'!$G:$G,'E - 2026-27 Digital Records'!$B:$B,"PRT",'E - 2026-27 Digital Records'!$D:$D,"Income",'E - 2026-27 Digital Records'!$A:$A,">="&DATE(2026,4,1),'E - 2026-27 Digital Records'!$A:$A,"<="&DATE(2027,3,31))
A4: Expense (cumulative) | B4: =SUMIFS('E - 2026-27 Digital Records'!$G:$G,'E - 2026-27 Digital Records'!$B:$B,"ESP",'E - 2026-27 Digital Records'!$D:$D,"Expense",'E - 2026-27 Digital Records'!$A:$A,">="&DATE(2026,4,1),'E - 2026-27 Digital Records'!$A:$A,"<="&DATE(2026,6,30)) | C4: =SUMIFS('E - 2026-27 Digital Records'!$G:$G,'E - 2026-27 Digital Records'!$B:$B,"ESP",'E - 2026-27 Digital Records'!$D:$D,"Expense",'E - 2026-27 Digital Records'!$A:$A,">="&DATE(2026,4,1),'E - 2026-27 Digital Records'!$A:$A,"<="&DATE(2026,9,30)) | D4: =SUMIFS('E - 2026-27 Digital Records'!$G:$G,'E - 2026-27 Digital Records'!$B:$B,"ESP",'E - 2026-27 Digital Records'!$D:$D,"Expense",'E - 2026-27 Digital Records'!$A:$A,">="&DATE(2026,4,1),'E - 2026-27 Digital Records'!$A:$A,"<="&DATE(2026,12,31)) | E4: =SUMIFS('E - 2026-27 Digital Records'!$G:$G,'E - 2026-27 Digital Records'!$B:$B,"ESP",'E - 2026-27 Digital Records'!$D:$D,"Expense",'E - 2026-27 Digital Records'!$A:$A,">="&DATE(2026,4,1),'E - 2026-27 Digital Records'!$A:$A,"<="&DATE(2027,3,31)) | G4: Expense (cumulative) | H4: =SUMIFS('E - 2026-27 Digital Records'!$G:$G,'E - 2026-27 Digital Records'!$B:$B,"PRT",'E - 2026-27 Digital Records'!$D:$D,"Expense",'E - 2026-27 Digital Records'!$A:$A,">="&DATE(2026,4,1),'E - 2026-27 Digital Records'!$A:$A,"<="&DATE(2026,6,30)) | I4: =SUMIFS('E - 2026-27 Digital Records'!$G:$G,'E - 2026-27 Digital Records'!$B:$B,"PRT",'E - 2026-27 Digital Records'!$D:$D,"Expense",'E - 2026-27 Digital Records'!$A:$A,">="&DATE(2026,4,1),'E - 2026-27 Digital Records'!$A:$A,"<="&DATE(2026,9,30)) | J4: =SUMIFS('E - 2026-27 Digital Records'!$G:$G,'E - 2026-27 Digital Records'!$B:$B,"PRT",'E - 2026-27 Digital Records'!$D:$D,"Expense",'E - 2026-27 Digital Records'!$A:$A,">="&DATE(2026,4,1),'E - 2026-27 Digital Records'!$A:$A,"<="&DATE(2026,12,31)) | K4: =SUMIFS('E - 2026-27 Digital Records'!$G:$G,'E - 2026-27 Digital Records'!$B:$B,"PRT",'E - 2026-27 Digital Records'!$D:$D,"Expense",'E - 2026-27 Digital Records'!$A:$A,">="&DATE(2026,4,1),'E - 2026-27 Digital Records'!$A:$A,"<="&DATE(2027,3,31))
A5: Profit | B5: =B3-B4 | C5: =C3-C4 | D5: =D3-D4 | E5: =E3-E4 | G5: Profit | H5: =H3-H4 | I5: =I3-I4 | J5: =J3-J4 | K5: =K3-K4

Sheet D - Detailed Summary 
A1: Country 1: Spain (ESP) | G1: Country 2: Portugal (PRT)
A2: Category | B2: Q1 | C2: Q1 + Q2 | D2: Q1 + Q2 + Q3 | E2: Q1 + Q2 + Q3 + Q4 | G2: Category | H2: Q1 | I2: Q1 + Q2 | J2: Q1 + Q2 + Q3 | K2: Q1 + Q2 + Q3 + Q4
A3: Rent Income / rent amount | B3: =SUMIFS('E - 2026-27 Digital Records'!$G:$G,'E - 2026-27 Digital Records'!$B:$B,"ESP",'E - 2026-27 Digital Records'!$E:$E,"Property rental income",'E - 2026-27 Digital Records'!$A:$A,">="&DATE(2026,4,1),'E - 2026-27 Digital Records'!$A:$A,"<="&DATE(2026,6,30)) | C3: =SUMIFS('E - 2026-27 Digital Records'!$G:$G,'E - 2026-27 Digital Records'!$B:$B,"ESP",'E - 2026-27 Digital Records'!$E:$E,"Property rental income",'E - 2026-27 Digital Records'!$A:$A,">="&DATE(2026,4,1),'E - 2026-27 Digital Records'!$A:$A,"<="&DATE(2026,9,30)) | D3: =SUMIFS('E - 2026-27 Digital Records'!$G:$G,'E - 2026-27 Digital Records'!$B:$B,"ESP",'E - 2026-27 Digital Records'!$E:$E,"Property rental income",'E - 2026-27 Digital Records'!$A:$A,">="&DATE(2026,4,1),'E - 2026-27 Digital Records'!$A:$A,"<="&DATE(2026,12,31)) | E3: =SUMIFS('E - 2026-27 Digital Records'!$G:$G,'E - 2026-27 Digital Records'!$B:$B,"ESP",'E - 2026-27 Digital Records'!$E:$E,"Property rental income",'E - 2026-27 Digital Records'!$A:$A,">="&DATE(2026,4,1),'E - 2026-27 Digital Records'!$A:$A,"<="&DATE(2027,3,31)) | G3: Rent Income / rent amount | H3: =SUMIFS('E - 2026-27 Digital Records'!$G:$G,'E - 2026-27 Digital Records'!$B:$B,"PRT",'E - 2026-27 Digital Records'!$E:$E,"Property rental income",'E - 2026-27 Digital Records'!$A:$A,">="&DATE(2026,4,1),'E - 2026-27 Digital Records'!$A:$A,"<="&DATE(2026,6,30)) | I3: =SUMIFS('E - 2026-27 Digital Records'!$G:$G,'E - 2026-27 Digital Records'!$B:$B,"PRT",'E - 2026-27 Digital Records'!$E:$E,"Property rental income",'E - 2026-27 Digital Records'!$A:$A,">="&DATE(2026,4,1),'E - 2026-27 Digital Records'!$A:$A,"<="&DATE(2026,9,30)) | J3: =SUMIFS('E - 2026-27 Digital Records'!$G:$G,'E - 2026-27 Digital Records'!$B:$B,"PRT",'E - 2026-27 Digital Records'!$E:$E,"Property rental income",'E - 2026-27 Digital Records'!$A:$A,">="&DATE(2026,4,1),'E - 2026-27 Digital Records'!$A:$A,"<="&DATE(2026,12,31)) | K3: =SUMIFS('E - 2026-27 Digital Records'!$G:$G,'E - 2026-27 Digital Records'!$B:$B,"PRT",'E - 2026-27 Digital Records'!$E:$E,"Property rental income",'E - 2026-27 Digital Records'!$A:$A,">="&DATE(2026,4,1),'E - 2026-27 Digital Records'!$A:$A,"<="&DATE(2027,3,31))
A4: Foreign tax credit relief | B4: =SUMIFS('E - 2026-27 Digital Records'!$G:$G,'E - 2026-27 Digital Records'!$B:$B,"ESP",'E - 2026-27 Digital Records'!$E:$E,"Foreign tax credit relief",'E - 2026-27 Digital Records'!$A:$A,">="&DATE(2026,4,1),'E - 2026-27 Digital Records'!$A:$A,"<="&DATE(2026,6,30)) | C4: =SUMIFS('E - 2026-27 Digital Records'!$G:$G,'E - 2026-27 Digital Records'!$B:$B,"ESP",'E - 2026-27 Digital Records'!$E:$E,"Foreign tax credit relief",'E - 2026-27 Digital Records'!$A:$A,">="&DATE(2026,4,1),'E - 2026-27 Digital Records'!$A:$A,"<="&DATE(2026,6,30)) | D4: =SUMIFS('E - 2026-27 Digital Records'!$G:$G,'E - 2026-27 Digital Records'!$B:$B,"ESP",'E - 2026-27 Digital Records'!$E:$E,"Foreign tax credit relief",'E - 2026-27 Digital Records'!$A:$A,">="&DATE(2026,4,1),'E - 2026-27 Digital Records'!$A:$A,"<="&DATE(2026,9,30)) | E4: =SUMIFS('E - 2026-27 Digital Records'!$G:$G,'E - 2026-27 Digital Records'!$B:$B,"ESP",'E - 2026-27 Digital Records'!$E:$E,"Foreign tax credit relief",'E - 2026-27 Digital Records'!$A:$A,">="&DATE(2026,4,1),'E - 2026-27 Digital Records'!$A:$A,"<="&DATE(2026,12,31)) | G4: Foreign tax credit relief | H4: =SUMIFS('E - 2026-27 Digital Records'!$G:$G,'E - 2026-27 Digital Records'!$B:$B,"PRT",'E - 2026-27 Digital Records'!$E:$E,"Foreign tax credit relief",'E - 2026-27 Digital Records'!$A:$A,">="&DATE(2026,4,1),'E - 2026-27 Digital Records'!$A:$A,"<="&DATE(2026,6,30)) | I4: =SUMIFS('E - 2026-27 Digital Records'!$G:$G,'E - 2026-27 Digital Records'!$B:$B,"PRT",'E - 2026-27 Digital Records'!$E:$E,"Foreign tax credit relief",'E - 2026-27 Digital Records'!$A:$A,">="&DATE(2026,4,1),'E - 2026-27 Digital Records'!$A:$A,"<="&DATE(2026,9,30)) | J4: =SUMIFS('E - 2026-27 Digital Records'!$G:$G,'E - 2026-27 Digital Records'!$B:$B,"PRT",'E - 2026-27 Digital Records'!$E:$E,"Foreign tax credit relief",'E - 2026-27 Digital Records'!$A:$A,">="&DATE(2026,4,1),'E - 2026-27 Digital Records'!$A:$A,"<="&DATE(2026,12,31)) | K4: =SUMIFS('E - 2026-27 Digital Records'!$G:$G,'E - 2026-27 Digital Records'!$B:$B,"PRT",'E - 2026-27 Digital Records'!$E:$E,"Foreign tax credit relief",'E - 2026-27 Digital Records'!$A:$A,">="&DATE(2026,4,1),'E - 2026-27 Digital Records'!$A:$A,"<="&DATE(2027,3,31))
A5: Premiums of lease grant | B5: =SUMIFS('E - 2026-27 Digital Records'!$G:$G,'E - 2026-27 Digital Records'!$B:$B,"ESP",'E - 2026-27 Digital Records'!$E:$E,"Foreign tax credit relief",'E - 2026-27 Digital Records'!$A:$A,">="&DATE(2026,4,1),'E - 2026-27 Digital Records'!$A:$A,"<="&DATE(2027,3,31)) | C5: =SUMIFS('E - 2026-27 Digital Records'!$G:$G,'E - 2026-27 Digital Records'!$B:$B,"ESP",'E - 2026-27 Digital Records'!$E:$E,"Foreign tax credit relief",'E - 2026-27 Digital Records'!$A:$A,">="&DATE(2026,4,1),'E - 2026-27 Digital Records'!$A:$A,"<="&DATE(2027,3,31)) | D5: =SUMIFS('E - 2026-27 Digital Records'!$G:$G,'E - 2026-27 Digital Records'!$B:$B,"ESP",'E - 2026-27 Digital Records'!$E:$E,"Premiums of lease grant",'E - 2026-27 Digital Records'!$A:$A,">="&DATE(2026,4,1),'E - 2026-27 Digital Records'!$A:$A,"<="&DATE(2026,9,30)) | E5: =SUMIFS('E - 2026-27 Digital Records'!$G:$G,'E - 2026-27 Digital Records'!$B:$B,"ESP",'E - 2026-27 Digital Records'!$E:$E,"Premiums of lease grant",'E - 2026-27 Digital Records'!$A:$A,">="&DATE(2026,4,1),'E - 2026-27 Digital Records'!$A:$A,"<="&DATE(2026,9,30)) | G5: Premiums of lease grant | H5: =SUMIFS('E - 2026-27 Digital Records'!$G:$G,'E - 2026-27 Digital Records'!$B:$B,"PRT",'E - 2026-27 Digital Records'!$E:$E,"Premiums of lease grant",'E - 2026-27 Digital Records'!$A:$A,">="&DATE(2026,4,1),'E - 2026-27 Digital Records'!$A:$A,"<="&DATE(2026,6,30)) | I5: =SUMIFS('E - 2026-27 Digital Records'!$G:$G,'E - 2026-27 Digital Records'!$B:$B,"PRT",'E - 2026-27 Digital Records'!$E:$E,"Premiums of lease grant",'E - 2026-27 Digital Records'!$A:$A,">="&DATE(2026,4,1),'E - 2026-27 Digital Records'!$A:$A,"<="&DATE(2026,9,30)) | J5: =SUMIFS('E - 2026-27 Digital Records'!$G:$G,'E - 2026-27 Digital Records'!$B:$B,"PRT",'E - 2026-27 Digital Records'!$E:$E,"Premiums of lease grant",'E - 2026-27 Digital Records'!$A:$A,">="&DATE(2026,4,1),'E - 2026-27 Digital Records'!$A:$A,"<="&DATE(2026,12,31)) | K5: =SUMIFS('E - 2026-27 Digital Records'!$G:$G,'E - 2026-27 Digital Records'!$B:$B,"PRT",'E - 2026-27 Digital Records'!$E:$E,"Premiums of lease grant",'E - 2026-27 Digital Records'!$A:$A,">="&DATE(2026,4,1),'E - 2026-27 Digital Records'!$A:$A,"<="&DATE(2027,3,31))
A6: Foreign tax paid or deducted | B6: =SUMIFS('E - 2026-27 Digital Records'!$G:$G,'E - 2026-27 Digital Records'!$B:$B,"ESP",'E - 2026-27 Digital Records'!$E:$E,"Foreign tax paid or deducted",'E - 2026-27 Digital Records'!$A:$A,">="&DATE(2026,4,1),'E - 2026-27 Digital Records'!$A:$A,"<="&DATE(2026,6,30)) | C6: =SUMIFS('E - 2026-27 Digital Records'!$G:$G,'E - 2026-27 Digital Records'!$B:$B,"ESP",'E - 2026-27 Digital Records'!$E:$E,"Foreign tax paid or deducted",'E - 2026-27 Digital Records'!$A:$A,">="&DATE(2026,4,1),'E - 2026-27 Digital Records'!$A:$A,"<="&DATE(2026,9,30)) | D6: =SUMIFS('E - 2026-27 Digital Records'!$G:$G,'E - 2026-27 Digital Records'!$B:$B,"ESP",'E - 2026-27 Digital Records'!$E:$E,"Foreign tax paid or deducted",'E - 2026-27 Digital Records'!$A:$A,">="&DATE(2026,4,1),'E - 2026-27 Digital Records'!$A:$A,"<="&DATE(2026,12,31)) | E6: =SUMIFS('E - 2026-27 Digital Records'!$G:$G,'E - 2026-27 Digital Records'!$B:$B,"ESP",'E - 2026-27 Digital Records'!$E:$E,"Foreign tax paid or deducted",'E - 2026-27 Digital Records'!$A:$A,">="&DATE(2026,4,1),'E - 2026-27 Digital Records'!$A:$A,"<="&DATE(2027,3,31)) | G6: Foreign tax paid or deducted | H6: =SUMIFS('E - 2026-27 Digital Records'!$G:$G,'E - 2026-27 Digital Records'!$B:$B,"PRT",'E - 2026-27 Digital Records'!$E:$E,"Foreign tax paid or deducted",'E - 2026-27 Digital Records'!$A:$A,">="&DATE(2026,4,1),'E - 2026-27 Digital Records'!$A:$A,"<="&DATE(2026,6,30)) | I6: =SUMIFS('E - 2026-27 Digital Records'!$G:$G,'E - 2026-27 Digital Records'!$B:$B,"PRT",'E - 2026-27 Digital Records'!$E:$E,"Foreign tax paid or deducted",'E - 2026-27 Digital Records'!$A:$A,">="&DATE(2026,4,1),'E - 2026-27 Digital Records'!$A:$A,"<="&DATE(2026,9,30)) | J6: =SUMIFS('E - 2026-27 Digital Records'!$G:$G,'E - 2026-27 Digital Records'!$B:$B,"PRT",'E - 2026-27 Digital Records'!$E:$E,"Foreign tax paid or deducted",'E - 2026-27 Digital Records'!$A:$A,">="&DATE(2026,4,1),'E - 2026-27 Digital Records'!$A:$A,"<="&DATE(2026,12,31)) | K6: =SUMIFS('E - 2026-27 Digital Records'!$G:$G,'E - 2026-27 Digital Records'!$B:$B,"PRT",'E - 2026-27 Digital Records'!$E:$E,"Foreign tax paid or deducted",'E - 2026-27 Digital Records'!$A:$A,">="&DATE(2026,4,1),'E - 2026-27 Digital Records'!$A:$A,"<="&DATE(2027,3,31))
A7: Special withholding tax or UK tax paid | B7: =SUMIFS('E - 2026-27 Digital Records'!$G:$G,'E - 2026-27 Digital Records'!$B:$B,"ESP",'E - 2026-27 Digital Records'!$E:$E,"Special withholding tax or UK tax paid",'E - 2026-27 Digital Records'!$A:$A,">="&DATE(2026,4,1),'E - 2026-27 Digital Records'!$A:$A,"<="&DATE(2026,6,30)) | C7: =SUMIFS('E - 2026-27 Digital Records'!$G:$G,'E - 2026-27 Digital Records'!$B:$B,"ESP",'E - 2026-27 Digital Records'!$E:$E,"Special withholding tax or UK tax paid",'E - 2026-27 Digital Records'!$A:$A,">="&DATE(2026,4,1),'E - 2026-27 Digital Records'!$A:$A,"<="&DATE(2026,9,30)) | D7: =SUMIFS('E - 2026-27 Digital Records'!$G:$G,'E - 2026-27 Digital Records'!$B:$B,"ESP",'E - 2026-27 Digital Records'!$E:$E,"Special withholding tax or UK tax paid",'E - 2026-27 Digital Records'!$A:$A,">="&DATE(2026,4,1),'E - 2026-27 Digital Records'!$A:$A,"<="&DATE(2026,12,31)) | E7: =SUMIFS('E - 2026-27 Digital Records'!$G:$G,'E - 2026-27 Digital Records'!$B:$B,"ESP",'E - 2026-27 Digital Records'!$E:$E,"Special withholding tax or UK tax paid",'E - 2026-27 Digital Records'!$A:$A,">="&DATE(2026,4,1),'E - 2026-27 Digital Records'!$A:$A,"<="&DATE(2027,3,31)) | G7: Special withholding tax or UK tax paid | H7: =SUMIFS('E - 2026-27 Digital Records'!$G:$G,'E - 2026-27 Digital Records'!$B:$B,"PRT",'E - 2026-27 Digital Records'!$E:$E,"Special withholding tax or UK tax paid",'E - 2026-27 Digital Records'!$A:$A,">="&DATE(2026,4,1),'E - 2026-27 Digital Records'!$A:$A,"<="&DATE(2026,6,30)) | I7: =SUMIFS('E - 2026-27 Digital Records'!$G:$G,'E - 2026-27 Digital Records'!$B:$B,"PRT",'E - 2026-27 Digital Records'!$E:$E,"Special withholding tax or UK tax paid",'E - 2026-27 Digital Records'!$A:$A,">="&DATE(2026,4,1),'E - 2026-27 Digital Records'!$A:$A,"<="&DATE(2026,9,30)) | J7: =SUMIFS('E - 2026-27 Digital Records'!$G:$G,'E - 2026-27 Digital Records'!$B:$B,"PRT",'E - 2026-27 Digital Records'!$E:$E,"Special withholding tax or UK tax paid",'E - 2026-27 Digital Records'!$A:$A,">="&DATE(2026,4,1),'E - 2026-27 Digital Records'!$A:$A,"<="&DATE(2026,12,31)) | K7: =SUMIFS('E - 2026-27 Digital Records'!$G:$G,'E - 2026-27 Digital Records'!$B:$B,"PRT",'E - 2026-27 Digital Records'!$E:$E,"Special withholding tax or UK tax paid",'E - 2026-27 Digital Records'!$A:$A,">="&DATE(2026,4,1),'E - 2026-27 Digital Records'!$A:$A,"<="&DATE(2027,3,31))
A8: Premises running costs | B8: =SUMIFS('E - 2026-27 Digital Records'!$G:$G,'E - 2026-27 Digital Records'!$B:$B,"ESP",'E - 2026-27 Digital Records'!$E:$E,"Premises running costs",'E - 2026-27 Digital Records'!$A:$A,">="&DATE(2026,4,1),'E - 2026-27 Digital Records'!$A:$A,"<="&DATE(2026,6,30)) | C8: =SUMIFS('E - 2026-27 Digital Records'!$G:$G,'E - 2026-27 Digital Records'!$B:$B,"ESP",'E - 2026-27 Digital Records'!$E:$E,"Premises running costs",'E - 2026-27 Digital Records'!$A:$A,">="&DATE(2026,4,1),'E - 2026-27 Digital Records'!$A:$A,"<="&DATE(2026,9,30)) | D8: =SUMIFS('E - 2026-27 Digital Records'!$G:$G,'E - 2026-27 Digital Records'!$B:$B,"ESP",'E - 2026-27 Digital Records'!$E:$E,"Premises running costs",'E - 2026-27 Digital Records'!$A:$A,">="&DATE(2026,4,1),'E - 2026-27 Digital Records'!$A:$A,"<="&DATE(2026,12,31)) | E8: =SUMIFS('E - 2026-27 Digital Records'!$G:$G,'E - 2026-27 Digital Records'!$B:$B,"ESP",'E - 2026-27 Digital Records'!$E:$E,"Premises running costs",'E - 2026-27 Digital Records'!$A:$A,">="&DATE(2026,4,1),'E - 2026-27 Digital Records'!$A:$A,"<="&DATE(2027,3,31)) | G8: Premises running costs | H8: =SUMIFS('E - 2026-27 Digital Records'!$G:$G,'E - 2026-27 Digital Records'!$B:$B,"PRT",'E - 2026-27 Digital Records'!$E:$E,"Premises running costs",'E - 2026-27 Digital Records'!$A:$A,">="&DATE(2026,4,1),'E - 2026-27 Digital Records'!$A:$A,"<="&DATE(2026,6,30)) | I8: =SUMIFS('E - 2026-27 Digital Records'!$G:$G,'E - 2026-27 Digital Records'!$B:$B,"PRT",'E - 2026-27 Digital Records'!$E:$E,"Premises running costs",'E - 2026-27 Digital Records'!$A:$A,">="&DATE(2026,4,1),'E - 2026-27 Digital Records'!$A:$A,"<="&DATE(2026,9,30)) | J8: =SUMIFS('E - 2026-27 Digital Records'!$G:$G,'E - 2026-27 Digital Records'!$B:$B,"PRT",'E - 2026-27 Digital Records'!$E:$E,"Premises running costs",'E - 2026-27 Digital Records'!$A:$A,">="&DATE(2026,4,1),'E - 2026-27 Digital Records'!$A:$A,"<="&DATE(2026,12,31)) | K8: =SUMIFS('E - 2026-27 Digital Records'!$G:$G,'E - 2026-27 Digital Records'!$B:$B,"PRT",'E - 2026-27 Digital Records'!$E:$E,"Premises running costs",'E - 2026-27 Digital Records'!$A:$A,">="&DATE(2026,4,1),'E - 2026-27 Digital Records'!$A:$A,"<="&DATE(2027,3,31))
A9: Repairs and maintenance | B9: =SUMIFS('E - 2026-27 Digital Records'!$G:$G,'E - 2026-27 Digital Records'!$B:$B,"ESP",'E - 2026-27 Digital Records'!$E:$E,"Repairs and maintenance",'E - 2026-27 Digital Records'!$A:$A,">="&DATE(2026,4,1),'E - 2026-27 Digital Records'!$A:$A,"<="&DATE(2026,6,30)) | C9: =SUMIFS('E - 2026-27 Digital Records'!$G:$G,'E - 2026-27 Digital Records'!$B:$B,"ESP",'E - 2026-27 Digital Records'!$E:$E,"Repairs and maintenance",'E - 2026-27 Digital Records'!$A:$A,">="&DATE(2026,4,1),'E - 2026-27 Digital Records'!$A:$A,"<="&DATE(2026,9,30)) | D9: =SUMIFS('E - 2026-27 Digital Records'!$G:$G,'E - 2026-27 Digital Records'!$B:$B,"ESP",'E - 2026-27 Digital Records'!$E:$E,"Repairs and maintenance",'E - 2026-27 Digital Records'!$A:$A,">="&DATE(2026,4,1),'E - 2026-27 Digital Records'!$A:$A,"<="&DATE(2026,12,31)) | E9: =SUMIFS('E - 2026-27 Digital Records'!$G:$G,'E - 2026-27 Digital Records'!$B:$B,"ESP",'E - 2026-27 Digital Records'!$E:$E,"Repairs and maintenance",'E - 2026-27 Digital Records'!$A:$A,">="&DATE(2026,4,1),'E - 2026-27 Digital Records'!$A:$A,"<="&DATE(2027,3,31)) | G9: Repairs and maintenance | H9: =SUMIFS('E - 2026-27 Digital Records'!$G:$G,'E - 2026-27 Digital Records'!$B:$B,"PRT",'E - 2026-27 Digital Records'!$E:$E,"Repairs and maintenance",'E - 2026-27 Digital Records'!$A:$A,">="&DATE(2026,4,1),'E - 2026-27 Digital Records'!$A:$A,"<="&DATE(2026,6,30)) | I9: =SUMIFS('E - 2026-27 Digital Records'!$G:$G,'E - 2026-27 Digital Records'!$B:$B,"PRT",'E - 2026-27 Digital Records'!$E:$E,"Repairs and maintenance",'E - 2026-27 Digital Records'!$A:$A,">="&DATE(2026,4,1),'E - 2026-27 Digital Records'!$A:$A,"<="&DATE(2026,9,30)) | J9: =SUMIFS('E - 2026-27 Digital Records'!$G:$G,'E - 2026-27 Digital Records'!$B:$B,"PRT",'E - 2026-27 Digital Records'!$E:$E,"Repairs and maintenance",'E - 2026-27 Digital Records'!$A:$A,">="&DATE(2026,4,1),'E - 2026-27 Digital Records'!$A:$A,"<="&DATE(2026,12,31)) | K9: =SUMIFS('E - 2026-27 Digital Records'!$G:$G,'E - 2026-27 Digital Records'!$B:$B,"PRT",'E - 2026-27 Digital Records'!$E:$E,"Repairs and maintenance",'E - 2026-27 Digital Records'!$A:$A,">="&DATE(2026,4,1),'E - 2026-27 Digital Records'!$A:$A,"<="&DATE(2027,3,31))
A10: Financial costs | B10: =SUMIFS('E - 2026-27 Digital Records'!$G:$G,'E - 2026-27 Digital Records'!$B:$B,"ESP",'E - 2026-27 Digital Records'!$E:$E,"Financial costs",'E - 2026-27 Digital Records'!$A:$A,">="&DATE(2026,4,1),'E - 2026-27 Digital Records'!$A:$A,"<="&DATE(2026,6,30)) | C10: =SUMIFS('E - 2026-27 Digital Records'!$G:$G,'E - 2026-27 Digital Records'!$B:$B,"ESP",'E - 2026-27 Digital Records'!$E:$E,"Financial costs",'E - 2026-27 Digital Records'!$A:$A,">="&DATE(2026,4,1),'E - 2026-27 Digital Records'!$A:$A,"<="&DATE(2026,9,30)) | D10: =SUMIFS('E - 2026-27 Digital Records'!$G:$G,'E - 2026-27 Digital Records'!$B:$B,"ESP",'E - 2026-27 Digital Records'!$E:$E,"Financial costs",'E - 2026-27 Digital Records'!$A:$A,">="&DATE(2026,4,1),'E - 2026-27 Digital Records'!$A:$A,"<="&DATE(2026,12,31)) | E10: =SUMIFS('E - 2026-27 Digital Records'!$G:$G,'E - 2026-27 Digital Records'!$B:$B,"ESP",'E - 2026-27 Digital Records'!$E:$E,"Financial costs",'E - 2026-27 Digital Records'!$A:$A,">="&DATE(2026,4,1),'E - 2026-27 Digital Records'!$A:$A,"<="&DATE(2027,3,31)) | G10: Financial costs | H10: =SUMIFS('E - 2026-27 Digital Records'!$G:$G,'E - 2026-27 Digital Records'!$B:$B,"PRT",'E - 2026-27 Digital Records'!$E:$E,"Financial costs",'E - 2026-27 Digital Records'!$A:$A,">="&DATE(2026,4,1),'E - 2026-27 Digital Records'!$A:$A,"<="&DATE(2026,6,30)) | I10: =SUMIFS('E - 2026-27 Digital Records'!$G:$G,'E - 2026-27 Digital Records'!$B:$B,"PRT",'E - 2026-27 Digital Records'!$E:$E,"Financial costs",'E - 2026-27 Digital Records'!$A:$A,">="&DATE(2026,4,1),'E - 2026-27 Digital Records'!$A:$A,"<="&DATE(2026,9,30)) | J10: =SUMIFS('E - 2026-27 Digital Records'!$G:$G,'E - 2026-27 Digital Records'!$B:$B,"PRT",'E - 2026-27 Digital Records'!$E:$E,"Financial costs",'E - 2026-27 Digital Records'!$A:$A,">="&DATE(2026,4,1),'E - 2026-27 Digital Records'!$A:$A,"<="&DATE(2026,12,31)) | K10: =SUMIFS('E - 2026-27 Digital Records'!$G:$G,'E - 2026-27 Digital Records'!$B:$B,"PRT",'E - 2026-27 Digital Records'!$E:$E,"Financial costs",'E - 2026-27 Digital Records'!$A:$A,">="&DATE(2026,4,1),'E - 2026-27 Digital Records'!$A:$A,"<="&DATE(2027,3,31))
A11: Professional fees | B11: =SUMIFS('E - 2026-27 Digital Records'!$G:$G,'E - 2026-27 Digital Records'!$B:$B,"ESP",'E - 2026-27 Digital Records'!$E:$E,"Professional fees",'E - 2026-27 Digital Records'!$A:$A,">="&DATE(2026,4,1),'E - 2026-27 Digital Records'!$A:$A,"<="&DATE(2026,6,30)) | C11: =SUMIFS('E - 2026-27 Digital Records'!$G:$G,'E - 2026-27 Digital Records'!$B:$B,"ESP",'E - 2026-27 Digital Records'!$E:$E,"Professional fees",'E - 2026-27 Digital Records'!$A:$A,">="&DATE(2026,4,1),'E - 2026-27 Digital Records'!$A:$A,"<="&DATE(2026,9,30)) | D11: =SUMIFS('E - 2026-27 Digital Records'!$G:$G,'E - 2026-27 Digital Records'!$B:$B,"ESP",'E - 2026-27 Digital Records'!$E:$E,"Professional fees",'E - 2026-27 Digital Records'!$A:$A,">="&DATE(2026,4,1),'E - 2026-27 Digital Records'!$A:$A,"<="&DATE(2026,12,31)) | E11: =SUMIFS('E - 2026-27 Digital Records'!$G:$G,'E - 2026-27 Digital Records'!$B:$B,"ESP",'E - 2026-27 Digital Records'!$E:$E,"Professional fees",'E - 2026-27 Digital Records'!$A:$A,">="&DATE(2026,4,1),'E - 2026-27 Digital Records'!$A:$A,"<="&DATE(2027,3,31)) | G11: Professional fees | H11: =SUMIFS('E - 2026-27 Digital Records'!$G:$G,'E - 2026-27 Digital Records'!$B:$B,"PRT",'E - 2026-27 Digital Records'!$E:$E,"Professional fees",'E - 2026-27 Digital Records'!$A:$A,">="&DATE(2026,4,1),'E - 2026-27 Digital Records'!$A:$A,"<="&DATE(2026,6,30)) | I11: =SUMIFS('E - 2026-27 Digital Records'!$G:$G,'E - 2026-27 Digital Records'!$B:$B,"PRT",'E - 2026-27 Digital Records'!$E:$E,"Professional fees",'E - 2026-27 Digital Records'!$A:$A,">="&DATE(2026,4,1),'E - 2026-27 Digital Records'!$A:$A,"<="&DATE(2026,9,30)) | J11: =SUMIFS('E - 2026-27 Digital Records'!$G:$G,'E - 2026-27 Digital Records'!$B:$B,"PRT",'E - 2026-27 Digital Records'!$E:$E,"Professional fees",'E - 2026-27 Digital Records'!$A:$A,">="&DATE(2026,4,1),'E - 2026-27 Digital Records'!$A:$A,"<="&DATE(2026,12,31)) | K11: =SUMIFS('E - 2026-27 Digital Records'!$G:$G,'E - 2026-27 Digital Records'!$B:$B,"PRT",'E - 2026-27 Digital Records'!$E:$E,"Professional fees",'E - 2026-27 Digital Records'!$A:$A,">="&DATE(2026,4,1),'E - 2026-27 Digital Records'!$A:$A,"<="&DATE(2027,3,31))
A12: Travel costs | B12: =SUMIFS('E - 2026-27 Digital Records'!$G:$G,'E - 2026-27 Digital Records'!$B:$B,"ESP",'E - 2026-27 Digital Records'!$E:$E,"Travel costs",'E - 2026-27 Digital Records'!$A:$A,">="&DATE(2026,4,1),'E - 2026-27 Digital Records'!$A:$A,"<="&DATE(2026,6,30)) | C12: =SUMIFS('E - 2026-27 Digital Records'!$G:$G,'E - 2026-27 Digital Records'!$B:$B,"ESP",'E - 2026-27 Digital Records'!$E:$E,"Travel costs",'E - 2026-27 Digital Records'!$A:$A,">="&DATE(2026,4,1),'E - 2026-27 Digital Records'!$A:$A,"<="&DATE(2026,9,30)) | D12: =SUMIFS('E - 2026-27 Digital Records'!$G:$G,'E - 2026-27 Digital Records'!$B:$B,"ESP",'E - 2026-27 Digital Records'!$E:$E,"Travel costs",'E - 2026-27 Digital Records'!$A:$A,">="&DATE(2026,4,1),'E - 2026-27 Digital Records'!$A:$A,"<="&DATE(2026,12,31)) | E12: =SUMIFS('E - 2026-27 Digital Records'!$G:$G,'E - 2026-27 Digital Records'!$B:$B,"ESP",'E - 2026-27 Digital Records'!$E:$E,"Travel costs",'E - 2026-27 Digital Records'!$A:$A,">="&DATE(2026,4,1),'E - 2026-27 Digital Records'!$A:$A,"<="&DATE(2027,3,31)) | G12: Travel costs | H12: =SUMIFS('E - 2026-27 Digital Records'!$G:$G,'E - 2026-27 Digital Records'!$B:$B,"PRT",'E - 2026-27 Digital Records'!$E:$E,"Travel costs",'E - 2026-27 Digital Records'!$A:$A,">="&DATE(2026,4,1),'E - 2026-27 Digital Records'!$A:$A,"<="&DATE(2026,6,30)) | I12: =SUMIFS('E - 2026-27 Digital Records'!$G:$G,'E - 2026-27 Digital Records'!$B:$B,"PRT",'E - 2026-27 Digital Records'!$E:$E,"Travel costs",'E - 2026-27 Digital Records'!$A:$A,">="&DATE(2026,4,1),'E - 2026-27 Digital Records'!$A:$A,"<="&DATE(2026,9,30)) | J12: =SUMIFS('E - 2026-27 Digital Records'!$G:$G,'E - 2026-27 Digital Records'!$B:$B,"PRT",'E - 2026-27 Digital Records'!$E:$E,"Travel costs",'E - 2026-27 Digital Records'!$A:$A,">="&DATE(2026,4,1),'E - 2026-27 Digital Records'!$A:$A,"<="&DATE(2026,12,31)) | K12: =SUMIFS('E - 2026-27 Digital Records'!$G:$G,'E - 2026-27 Digital Records'!$B:$B,"PRT",'E - 2026-27 Digital Records'!$E:$E,"Travel costs",'E - 2026-27 Digital Records'!$A:$A,">="&DATE(2026,4,1),'E - 2026-27 Digital Records'!$A:$A,"<="&DATE(2027,3,31))
A13: Cost of services | B13: =SUMIFS('E - 2026-27 Digital Records'!$G:$G,'E - 2026-27 Digital Records'!$B:$B,"ESP",'E - 2026-27 Digital Records'!$E:$E,"Cost of services",'E - 2026-27 Digital Records'!$A:$A,">="&DATE(2026,4,1),'E - 2026-27 Digital Records'!$A:$A,"<="&DATE(2026,6,30)) | C13: =SUMIFS('E - 2026-27 Digital Records'!$G:$G,'E - 2026-27 Digital Records'!$B:$B,"ESP",'E - 2026-27 Digital Records'!$E:$E,"Cost of services",'E - 2026-27 Digital Records'!$A:$A,">="&DATE(2026,4,1),'E - 2026-27 Digital Records'!$A:$A,"<="&DATE(2026,9,30)) | D13: =SUMIFS('E - 2026-27 Digital Records'!$G:$G,'E - 2026-27 Digital Records'!$B:$B,"ESP",'E - 2026-27 Digital Records'!$E:$E,"Cost of services",'E - 2026-27 Digital Records'!$A:$A,">="&DATE(2026,4,1),'E - 2026-27 Digital Records'!$A:$A,"<="&DATE(2026,9,30)) | E13: =SUMIFS('E - 2026-27 Digital Records'!$G:$G,'E - 2026-27 Digital Records'!$B:$B,"ESP",'E - 2026-27 Digital Records'!$E:$E,"Cost of services",'E - 2026-27 Digital Records'!$A:$A,">="&DATE(2026,4,1),'E - 2026-27 Digital Records'!$A:$A,"<="&DATE(2027,3,31)) | G13: Cost of services | H13: =SUMIFS('E - 2026-27 Digital Records'!$G:$G,'E - 2026-27 Digital Records'!$B:$B,"PRT",'E - 2026-27 Digital Records'!$E:$E,"Cost of services",'E - 2026-27 Digital Records'!$A:$A,">="&DATE(2026,4,1),'E - 2026-27 Digital Records'!$A:$A,"<="&DATE(2026,6,30)) | I13: =SUMIFS('E - 2026-27 Digital Records'!$G:$G,'E - 2026-27 Digital Records'!$B:$B,"PRT",'E - 2026-27 Digital Records'!$E:$E,"Cost of services",'E - 2026-27 Digital Records'!$A:$A,">="&DATE(2026,4,1),'E - 2026-27 Digital Records'!$A:$A,"<="&DATE(2026,9,30)) | J13: =SUMIFS('E - 2026-27 Digital Records'!$G:$G,'E - 2026-27 Digital Records'!$B:$B,"PRT",'E - 2026-27 Digital Records'!$E:$E,"Cost of services",'E - 2026-27 Digital Records'!$A:$A,">="&DATE(2026,4,1),'E - 2026-27 Digital Records'!$A:$A,"<="&DATE(2026,12,31)) | K13: =SUMIFS('E - 2026-27 Digital Records'!$G:$G,'E - 2026-27 Digital Records'!$B:$B,"PRT",'E - 2026-27 Digital Records'!$E:$E,"Cost of services",'E - 2026-27 Digital Records'!$A:$A,">="&DATE(2026,4,1),'E - 2026-27 Digital Records'!$A:$A,"<="&DATE(2027,3,31))
A14: Other | B14: =SUMIFS('E - 2026-27 Digital Records'!$G:$G,'E - 2026-27 Digital Records'!$B:$B,"ESP",'E - 2026-27 Digital Records'!$E:$E,"Other",'E - 2026-27 Digital Records'!$A:$A,">="&DATE(2026,4,1),'E - 2026-27 Digital Records'!$A:$A,"<="&DATE(2026,6,30)) | C14: =SUMIFS('E - 2026-27 Digital Records'!$G:$G,'E - 2026-27 Digital Records'!$B:$B,"ESP",'E - 2026-27 Digital Records'!$E:$E,"Other",'E - 2026-27 Digital Records'!$A:$A,">="&DATE(2026,4,1),'E - 2026-27 Digital Records'!$A:$A,"<="&DATE(2026,9,30)) | D14: =SUMIFS('E - 2026-27 Digital Records'!$G:$G,'E - 2026-27 Digital Records'!$B:$B,"ESP",'E - 2026-27 Digital Records'!$E:$E,"Other",'E - 2026-27 Digital Records'!$A:$A,">="&DATE(2026,4,1),'E - 2026-27 Digital Records'!$A:$A,"<="&DATE(2026,12,31)) | E14: =SUMIFS('E - 2026-27 Digital Records'!$G:$G,'E - 2026-27 Digital Records'!$B:$B,"ESP",'E - 2026-27 Digital Records'!$E:$E,"Other",'E - 2026-27 Digital Records'!$A:$A,">="&DATE(2026,4,1),'E - 2026-27 Digital Records'!$A:$A,"<="&DATE(2027,3,31)) | G14: Other | H14: =SUMIFS('E - 2026-27 Digital Records'!$G:$G,'E - 2026-27 Digital Records'!$B:$B,"PRT",'E - 2026-27 Digital Records'!$E:$E,"Other",'E - 2026-27 Digital Records'!$A:$A,">="&DATE(2026,4,1),'E - 2026-27 Digital Records'!$A:$A,"<="&DATE(2026,6,30)) | I14: =SUMIFS('E - 2026-27 Digital Records'!$G:$G,'E - 2026-27 Digital Records'!$B:$B,"PRT",'E - 2026-27 Digital Records'!$E:$E,"Other",'E - 2026-27 Digital Records'!$A:$A,">="&DATE(2026,4,1),'E - 2026-27 Digital Records'!$A:$A,"<="&DATE(2026,9,30)) | J14: =SUMIFS('E - 2026-27 Digital Records'!$G:$G,'E - 2026-27 Digital Records'!$B:$B,"PRT",'E - 2026-27 Digital Records'!$E:$E,"Other",'E - 2026-27 Digital Records'!$A:$A,">="&DATE(2026,4,1),'E - 2026-27 Digital Records'!$A:$A,"<="&DATE(2026,12,31)) | K14: =SUMIFS('E - 2026-27 Digital Records'!$G:$G,'E - 2026-27 Digital Records'!$B:$B,"PRT",'E - 2026-27 Digital Records'!$E:$E,"Other",'E - 2026-27 Digital Records'!$A:$A,">="&DATE(2026,4,1),'E - 2026-27 Digital Records'!$A:$A,"<="&DATE(2027,3,31))
A15: Residential financial cost | B15: =SUMIFS('E - 2026-27 Digital Records'!$G:$G,'E - 2026-27 Digital Records'!$B:$B,"ESP",'E - 2026-27 Digital Records'!$E:$E,"Residential finance cost tax reduction",'E - 2026-27 Digital Records'!$A:$A,">="&DATE(2026,4,1),'E - 2026-27 Digital Records'!$A:$A,"<="&DATE(2026,6,30)) | C15: =SUMIFS('E - 2026-27 Digital Records'!$G:$G,'E - 2026-27 Digital Records'!$B:$B,"ESP",'E - 2026-27 Digital Records'!$E:$E,"Residential finance cost tax reduction",'E - 2026-27 Digital Records'!$A:$A,">="&DATE(2026,4,1),'E - 2026-27 Digital Records'!$A:$A,"<="&DATE(2026,9,30)) | D15: =SUMIFS('E - 2026-27 Digital Records'!$G:$G,'E - 2026-27 Digital Records'!$B:$B,"ESP",'E - 2026-27 Digital Records'!$E:$E,"Residential finance cost tax reduction",'E - 2026-27 Digital Records'!$A:$A,">="&DATE(2026,4,1),'E - 2026-27 Digital Records'!$A:$A,"<="&DATE(2026,12,31)) | E15: =SUMIFS('E - 2026-27 Digital Records'!$G:$G,'E - 2026-27 Digital Records'!$B:$B,"ESP",'E - 2026-27 Digital Records'!$E:$E,"Residential finance cost tax reduction",'E - 2026-27 Digital Records'!$A:$A,">="&DATE(2026,4,1),'E - 2026-27 Digital Records'!$A:$A,"<="&DATE(2027,3,31)) | G15: Residential financial cost | H15: =SUMIFS('E - 2026-27 Digital Records'!$G:$G,'E - 2026-27 Digital Records'!$B:$B,"PRT",'E - 2026-27 Digital Records'!$E:$E,"Residential finance cost tax reduction",'E - 2026-27 Digital Records'!$A:$A,">="&DATE(2026,4,1),'E - 2026-27 Digital Records'!$A:$A,"<="&DATE(2026,6,30)) | I15: =SUMIFS('E - 2026-27 Digital Records'!$G:$G,'E - 2026-27 Digital Records'!$B:$B,"PRT",'E - 2026-27 Digital Records'!$E:$E,"Residential finance cost tax reduction",'E - 2026-27 Digital Records'!$A:$A,">="&DATE(2026,4,1),'E - 2026-27 Digital Records'!$A:$A,"<="&DATE(2026,9,30)) | J15: =SUMIFS('E - 2026-27 Digital Records'!$G:$G,'E - 2026-27 Digital Records'!$B:$B,"PRT",'E - 2026-27 Digital Records'!$E:$E,"Residential finance cost tax reduction",'E - 2026-27 Digital Records'!$A:$A,">="&DATE(2026,4,1),'E - 2026-27 Digital Records'!$A:$A,"<="&DATE(2026,12,31)) | K15: =SUMIFS('E - 2026-27 Digital Records'!$G:$G,'E - 2026-27 Digital Records'!$B:$B,"PRT",'E - 2026-27 Digital Records'!$E:$E,"Residential finance cost tax reduction",'E - 2026-27 Digital Records'!$A:$A,">="&DATE(2026,4,1),'E - 2026-27 Digital Records'!$A:$A,"<="&DATE(2027,3,31))
A16: Brought forward residential financial cost | B16: =SUMIFS('E - 2026-27 Digital Records'!$G:$G,'E - 2026-27 Digital Records'!$B:$B,"ESP",'E - 2026-27 Digital Records'!$E:$E,"Brought forward residential financial cost",'E - 2026-27 Digital Records'!$A:$A,">="&DATE(2026,4,1),'E - 2026-27 Digital Records'!$A:$A,"<="&DATE(2026,6,30)) | C16: =SUMIFS('E - 2026-27 Digital Records'!$G:$G,'E - 2026-27 Digital Records'!$B:$B,"ESP",'E - 2026-27 Digital Records'!$E:$E,"Brought forward residential financial cost",'E - 2026-27 Digital Records'!$A:$A,">="&DATE(2026,4,1),'E - 2026-27 Digital Records'!$A:$A,"<="&DATE(2026,9,30)) | D16: =SUMIFS('E - 2026-27 Digital Records'!$G:$G,'E - 2026-27 Digital Records'!$B:$B,"ESP",'E - 2026-27 Digital Records'!$E:$E,"Brought forward residential financial cost",'E - 2026-27 Digital Records'!$A:$A,">="&DATE(2026,4,1),'E - 2026-27 Digital Records'!$A:$A,"<="&DATE(2026,12,31)) | E16: =SUMIFS('E - 2026-27 Digital Records'!$G:$G,'E - 2026-27 Digital Records'!$B:$B,"ESP",'E - 2026-27 Digital Records'!$E:$E,"Brought forward residential financial cost",'E - 2026-27 Digital Records'!$A:$A,">="&DATE(2026,4,1),'E - 2026-27 Digital Records'!$A:$A,"<="&DATE(2027,3,31)) | G16: Brought forward residential financial cost | H16: =SUMIFS('E - 2026-27 Digital Records'!$G:$G,'E - 2026-27 Digital Records'!$B:$B,"PRT",'E - 2026-27 Digital Records'!$E:$E,"Brought forward residential financial cost",'E - 2026-27 Digital Records'!$A:$A,">="&DATE(2026,4,1),'E - 2026-27 Digital Records'!$A:$A,"<="&DATE(2026,6,30)) | I16: =SUMIFS('E - 2026-27 Digital Records'!$G:$G,'E - 2026-27 Digital Records'!$B:$B,"PRT",'E - 2026-27 Digital Records'!$E:$E,"Brought forward residential financial cost",'E - 2026-27 Digital Records'!$A:$A,">="&DATE(2026,4,1),'E - 2026-27 Digital Records'!$A:$A,"<="&DATE(2026,6,30)) | J16: =SUMIFS('E - 2026-27 Digital Records'!$G:$G,'E - 2026-27 Digital Records'!$B:$B,"PRT",'E - 2026-27 Digital Records'!$E:$E,"Brought forward residential financial cost",'E - 2026-27 Digital Records'!$A:$A,">="&DATE(2026,4,1),'E - 2026-27 Digital Records'!$A:$A,"<="&DATE(2026,12,31)) | K16: =SUMIFS('E - 2026-27 Digital Records'!$G:$G,'E - 2026-27 Digital Records'!$B:$B,"PRT",'E - 2026-27 Digital Records'!$E:$E,"Brought forward residential financial cost",'E - 2026-27 Digital Records'!$A:$A,">="&DATE(2026,4,1),'E - 2026-27 Digital Records'!$A:$A,"<="&DATE(2027,3,31))
A17: Total expenses | B17: =SUM(B6:B16) | C17: =SUM(C6:C16) | D17: =SUM(D6:D16) | E17: =SUM(E6:E16) | G17: Total expenses | H17: =SUM(H8:H16) | I17: =SUM(I8:I16) | J17: =SUM(J8:J16) | K17: =SUM(K8:K16)

Sheet E - 2026-27 Digital Records
A1: Date | B1: Country | C1: Description | D1: Type | E1: Category | F1: FX Rate | G1: Amount
A2: Date | B2: Country | C2: Description | D2: Type | E2: Category | F2: FX Rate | G2: Amount
A3: 46113 | B3: ESP | C3: Rent received - Spain Property (April) | D3: Income | E3: Property rental income | F3: 0.86 | G3: 817
A4: 46119 | B4: ESP | C4: Agency management fee (April) | D4: Expense | E4: Cost of services | F4: 0.86 | G4: 108.36
A5: 46143 | B5: ESP | C5: Rent received - Spain Property (May) | D5: Income | E5: Property rental income | F5: 0.86 | G5: 817
A6: 46148 | B6: ESP | C6: Landlord insurance premium (May) | D6: Expense | E6: Premises running costs | F6: 0.86 | G6: 239.94
A7: 46174 | B7: ESP | C7: Rent received - Spain Property (June) | D7: Income | E7: Property rental income | F7: 0.86 | G7: 817
A8: 46194 | B8: ESP | C8: Mortgage interest payment (June) | D8: Expense | E8: Residential finance cost tax reduction | F8: 0.86 | G8: 337.12
A9: 46204 | B9: ESP | C9: Rent received - Spain Property (July) | D9: Income | E9: Property rental income | F9: 0.86 | G9: 817
A10: 46113 | B10: PRT | C10: Rent received - Portugal Property (April) | D10: Income | E10: Property rental income | F10: 0.85 | G10: 807.5
A11: 46126 | B11: PRT | C11: Mortgage interest payment (April) | D11: Expense | E11: Residential finance cost tax reduction | F11: 0.85 | G11: 264.35
A12: 46143 | B12: PRT | C12: Rent received - Portugal Property (May) | D12: Income | E12: Property rental income | F12: 0.85 | G12: 807.5
A13: 46164 | B13: PRT | C13: Electricity bill (May) | D13: Expense | E13: Cost of services | F13: 0.85 | G13: 79.05
A14: 46174 | B14: PRT | C14: Rent received - Portugal Property (June) | D14: Income | E14: Property rental income | F14: 0.85 | G14: 807.5
... A36: 46458 | B36: PRT | C36: Rent received - Portugal Property (March) | D36: Income | E36: Property rental income | F36: 0.85 | G36: 807.5
